Map: Acid Plant LE

Players

Monohead

  • Race: Terran Terran
  • Spawn Location: 11:00

Infamous - Winner!

  • Race: Protoss Protoss
  • League: Gold
  • Spawn Location: 5:00

VOD

Have the link to the VOD?

Description

Time

  • Played on: April 11, 2018, 12:17 p.m.
  • Length: 11:13
Show
View Real Time Build Order
Export as new Build Order

Monohead Terran 

Build Orders: MMM Bio 

Get SALT Encoding   

  12  0:01  SCV  
  13  0:13  SCV  
  14  0:17  Supply Depot  
  14  0:25  SCV  
  15  0:30  Refinery  
  15  0:39  SCV  
  16  0:46  Barracks  
  16  0:51  SCV  
  17  1:00  Refinery  
  17  1:03  SCV  
  18  1:15  SCV  
  19  1:27  SCV  
  20  1:37  Supply Depot  
  20  1:42  Orbital Command  
  20  1:46  Marine  
  21  2:00  Factory  
  21  2:08  Reaper  
  22  2:27  Command Center  
  22  2:30  SCV  
  23  2:46  SCV  
  23  2:48  Barracks Reactor  
  24  2:57  Starport  
  24  2:58  SCV  
  25  3:07  Factory Tech Lab  
  25  3:10  SCV  
  26  3:32  SCV  
  26  3:45  SCV  
  27  3:55  Barracks  
  27  4:06  Barracks Tech Lab, Orbital Command  
  27  4:07  SCV  
  27  4:08  Supply Depot  
  28  4:11  Widow Mine x2  
  32  4:21  Cloaking Field, Banshee  
  35  4:27  SCV  
  36  4:36  Orbital Command  
  36  4:49  SCV, Engineering Bay  
  36  4:52  Marine  
  39  4:56  Barracks Reactor  
  39  4:59  Stimpack  
  38  5:05  Cyclone x2  
  44  5:07  SCV  
  44  5:10  Marauder  
  47  5:18  SCV  
  47  5:19  SCV  
  49  5:23  Terran Infantry Weapons Level 1  
  49  5:24  Supply Depot  
  49  5:26  Refinery  
  49  5:28  Missile Turret  
  49  5:34  SCV x2  
  51  5:44  Marine x2  
  51  5:46  Marauder  
  55  5:51  Supply Depot  
  55  5:58  Supply Depot  
  55  6:01  Cyclone x2  
  61  6:12  Medivac  
  61  6:15  Marine x2  
  61  6:16  Supply Depot, Marauder  
  67  6:41  Marine x2  
  67  6:42  Marauder  
  71  7:08  Marine x3  
  74  7:18  Combat Shields  
  74  7:21  Terran Infantry Armor Level 1  
  74  7:23  Armory  
  74  7:25  Factory Tech Lab  
  74  7:26  Supply Depot  
  74  7:27  Marauder  
  76  7:31  Barracks  
  76  7:33  Barracks  
  76  7:35  Marine x2  
  78  7:37  Barracks  
  78  7:39  Barracks  
  78  7:47  Marine, Siege Tank  
  78  7:49  Medivac  
  84  7:53  Marine x2  
  86  8:00  SCV x2  
  88  8:05  Refinery  
  88  8:06  Supply Depot  
  88  8:11  Marine, Liberator  
  88  8:12  Marine  
  90  8:13  Marauder  
  90  8:16  Terran Vehicle Weapons Level 1  
  55  8:49  Marine x2  
  55  8:52  Barracks Reactor  
  55  8:54  Barracks Reactor  
  55  8:55  Barracks Reactor  
  58  8:59  Barracks Reactor  
  58  9:01  Siege Tank  
  60  9:16  Factory  
  60  9:24  Marine x2  
  60  9:28  Supply Depot  
  60  9:30  Supply Depot  
  62  9:32  Supply Depot  
  62  9:33  Siege Tank  
  62  9:34  Marine  
  62  9:35  Marine x6, Factory  
  72  9:43  SCV x2  
  69  10:01  Marine x2  
  69  10:02  Marine x5  
  52  10:15  Marine  
  52  10:16  Marine x2  
  52  10:20  Marine  
  52  10:21  Marine x3  
  48  10:32  Marine x3  
  49  10:41  Orbital Command  
  32  10:52  Marine x2  
  32  10:53  Marine x6  
  32  10:54  Marine x2  
Show
View Real Time Build Order
Export as new Build Order

Infamous Protoss - Winner!

Build Orders: 1 Gate Expand 

Get SALT Encoding   

  12  0:01  Probe  
  13  0:15  Pylon  
  13  0:18  Probe (Chrono Boost)  
  14  0:27  Probe (Chrono Boost)  
  15  0:35  Gateway  
  15  0:38  Probe  
  16  0:53  Probe  
  17  0:59  Assimilator  
  17  1:13  Probe  
  18  1:29  Nexus  
  18  1:33  Cybernetics Core  
  18  1:45  Probe  
  19  1:49  Assimilator  
  19  1:53  Pylon  
  19  2:09  Warp Gate, Stalker (Chrono Boost)  
  21  2:20  Probe  
  21  2:26  Gateway  
  21  2:35  Robotics Facility  
  21  2:41  Probe (Chrono Boost)  
  22  2:53  Probe (Chrono Boost)  
  22  2:56  Pylon, Sentry (Chrono Boost)  
  25  3:08  Probe  
  25  3:09  Probe  
  27  3:14  Sentry  
  29  3:24  Probe  
  29  3:25  Gateway  
  30  3:40  Probe  
  31  3:53  Gateway  
  31  3:55  Probe  
  31  3:56  Probe  
  31  3:57  Pylon  
  33  4:04  Observer  
  34  4:11  Probe  
  35  4:27  Gateway  
  35  4:31  Probe x2 (Chrono Boost)  
  37  4:33  Assimilator  
  37  4:36  Stalker  
  39  4:43  Probe (Chrono Boost)  
  39  4:44  Immortal (Chrono Boost)  
  45  4:49  Probe (Chrono Boost)  
  45  4:54  Pylon  
  45  4:56  Probe (Chrono Boost), Robotics Bay  
  45  4:58  Pylon  
  46  5:01  Probe  
  47  5:08  Stalker  
  47  5:10  Zealot  
  47  5:13  Probe  
  47  5:14  Probe  
  53  5:26  Probe  
  54  5:38  Stalker x2  
  54  5:40  Sentry x2  
  62  5:55  Probe x2  
  64  5:57  Assimilator  
  64  6:02  Shield Battery  
  64  6:04  Forge  
  64  6:08  Stalker x4  
  62  6:41  Observer (Chrono Boost)  
  63  6:51  Shield Battery  
  63  6:55  Photon Cannon x2  
  63  7:00  Pylon  
  61  7:03  Pylon  
  61  7:08  Stalker x2  
  61  7:09  Stalker  
  67  7:19  Colossus  
  73  7:24  Probe (Chrono Boost)  
  75  7:30  Probe (Chrono Boost)  
  75  7:34  Probe (Chrono Boost)  
  76  7:37  Photon Cannon  
  76  7:39  Photon Cannon  
  76  7:52  Protoss Ground Weapons Level 1 (Chrono Boost)  
  76  7:56  Photon Cannon  
  76  7:58  Photon Cannon  
  76  7:59  Shield Battery  
  76  8:19  Stalker x2  
  80  8:21  Zealot x3  
  66  9:01  Stalker x2  
  70  9:07  Pylon  
  70  9:10  Pylon  
  70  9:27  Probe x2  
  72  9:37  Stalker x2  
  76  9:38  Stalker  
  76  9:41  Zealot  
  71  10:05  Nexus  
  57  10:07  Pylon  
  57  10:09  Pylon  
  57  10:11  Pylon  
  57  10:13  Pylon  
  51  10:34  Stalker  
  51  10:35  Stalker x3  
  53  11:07  Stalker x4  
Tags
 
Composition
MMM Bio
League
Gold
Matchup
PvT
Replay Pack
Last Remnant (2)
Spawn Locations
Cross Positions
Add a new tag
Caveats
  • Supply blocks, unpowered buildings, or Contaminate may cause inaccurate times.
  • Supply counts are checked every 10 seconds.